 Dungeon Crawl Stone Soup version 0.27-a0-1140-g099f9bb0e8 (webtiles) character file.

Game seed: 9267116555692866921

46 freelancePsychic the Stinger (level 3, -1/31 HPs)
             Began as an Ogre Venom Mage on May 10, 2021.
             Killed from afar by Sigmund (6 damage)
             ... with a magic dart
             ... on level 2 of the Dungeon.
             The game lasted 00:04:55 (1534 turns).

freelancePsychic the Stinger (Ogre Venom Mage)      Turns: 1534, Time: 00:04:56

Health: -1/31      AC:  3    Str: 12    XL:     3   Next: 66%
Magic:  4/6        EV:  9    Int: 17    God:
Gold:   81         SH:  0    Dex:  9    Spells: 3/6 levels left

rFire    . . .     SeeInvis .   c - +0 mace
rCold    . . .     Faith    .   (no shield)
rNeg     . . .     Spirit   .   a - +0 robe
rPois    .         Reflect  .   (helmet restricted)
rElec    .         Harm     .   (no cloak)
rCorr    .         Rampage  .   (gloves unavailable)
Will     .....                  (boots unavailable)
Stlth    +.........             (no amulet)
HPRegen  0.10/turn              (no ring)
MPRegen  0.10/turn              (no ring)

@: no status effects
A: large, unfitting armour, tough skin 1
a: no special abilities


You were on level 2 of the Dungeon.
You visited 1 branch of the dungeon, and saw 2 of its levels.

You collected 81 gold pieces.

Inventory:

Hand Weapons
 c - a +0 mace (weapon)
Armour
 a - a +0 robe (worn)
Scrolls
 d - a scroll of noise {unknown}
 e - a scroll of amnesia {unknown}
 f - a scroll of identify {unknown}
Potions
 b - a potion of cancellation {unknown}
 g - a potion of resistance {unknown}
 h - a potion of flight {unknown}
 i - a potion of curing {unknown}


   Skills:
 - Level 1.7 Dodging
 - Level 1.4 Stealth
 - Level 2.4 Spellcasting
 - Level 2.0 Transmutations
 + Level 0.2 Air Magic
 + Level 3.6 Poison Magic


You had 3 spell levels left.
You knew the following spells:

 Your Spells              Type           Power      Damage    Failure   Level
a - Sting                 Tmut/Pois      44%        1d5       6%          1
b - Poisonous Vapours     Pois/Air       16%        N/A       13%         2

Your spell library contained the following spells:

 Spells                   Type           Power      Damage    Failure   Level
 Ignite Poison            Fire/Tmut/Pois 8%         N/A       26%         3
 Mephitic Cloud           Conj/Pois/Air  6%         N/A       32%         3
 Confusing Touch          Hex            2%         N/A       50%         3
 Gell's Gravitas          Tloc           1%         N/A       50%         3
 Olgreb's Toxic Radiance  Pois           14%        N/A       38%         4
 Petrify                  Tmut/Erth      5%         N/A       77%         4
 Yara's Violent Unravell  Hex/Tmut       2%         3d3       98%         5
 Metabolic Englaciation   Hex/Ice        1%         N/A       99%         5


Dungeon Overview and Level Annotations

Branches:
Dungeon (2/15)

Altars:

Annotations:
D:2 Sigmund


Innate Abilities, Weirdness & Mutations

You are too large for most types of armour.
You have tough skin. (AC +1)


Message History

Sigmund is engulfed in poison gas.
Sigmund is poisoned.
Sigmund screams, "Don't try to resist!"
The ball python bites you.
Casting: Poisonous Vapours (safe; 13% risk of failure)
Confirm with . or Enter, or press ? or * to list all spells.
Aiming: Poisonous Vapours (safe; 13% risk of failure)
Press: ? - help, Dir - move target, f/p - Sigmund
Aim: Sigmund, wielding a +0 scythe and wearing a +0 robe (lightly wounded, poisoned) Poisonous vapours surround Sigmund!
Sigmund is engulfed in poison gas.
Sigmund looks even sicker.
The ball python barely misses you.
Casting: Poisonous Vapours (safe; 13% risk of failure)
Confirm with . or Enter, or press ? or * to list all spells.
Aiming: Poisonous Vapours (safe; 13% risk of failure)
Press: ? - help, Dir - move target, f/p - Sigmund
Aim: Sigmund, wielding a +0 scythe and wearing a +0 robe (moderately wounded, very poisoned) Poisonous vapours surround Sigmund!
The ball python closely misses you.
Sigmund is engulfed in poison gas.
Sigmund looks even sicker.
Sigmund hits you from afar with a +0 scythe.
The ball python closely misses you.
Sigmund gestures at himself while chanting.
Sigmund flickers and vanishes!
Deactivating autopickup; reactivate with Ctrl-A.
The ball python bites you.
You hit the ball python.
You kill the ball python!
You hear some strange, mumbled words.
You are confused.
You bump into the rock wall.
You feel less confused. Something hits you!
You hear some strange, mumbled words.
Something tries to affect you, but you resist.
A magic dart appears from out of thin air!
The magic dart hits you.
A magic dart appears from out of thin air!
The magic dart hits you!
* * * LOW HITPOINT WARNING * * *
A magic dart appears from out of thin air!
The magic dart hits you.
You die...

.#..... #.#######.#..#.###.....#.
.. ..#.##.# #....#..#.#####+#.#.
######.##.# #.####..#.#.......#.
.#...#.##.# #.#.....#.........#.
.#.#.#.##.####.#.###.###.........
...#.#.##...##.#...#.#.........#.
.###.#.####.##.###.#.#...........
.# #......{..........#.#..[......
.#####.####....#@..###...........
....##.#.....###.### ###.........
....##.#.....# #.# #.........
.....{.#.....# #.# #.........
....########## #.#######.#.......
....# #......<..#....... #####
#.#.#######.#..... #...#
####.#..... ####### #..........


There were no monsters in sight!

Vanquished Creatures
  Natasha (D:1)
  4 endoplasms
  3 goblins (D:1)
  2 hobgoblins
  A kobold (D:1)
  A quokka (D:2)
  4 ball pythons
  A bat (D:2)
  3 rats
20 creatures vanquished.

Notes
Turn   | Place    | Note
-------+----------+-------------------------------------------
     0 | D:1      | freelancePsychic the Ogre Venom Mage began the quest for
                  | the Orb.
     0 | D:1      | Reached XP level 1. HP: 16/16 MP: 3/3
    26 | D:1      | Reached skill level 1 in Transmutations
   344 | D:1      | Reached XP level 2. HP: 19/24 MP: 3/5
   406 | D:1      | Reached skill level 3 in Poison Magic
   769 | D:1      | Learned a level 2 spell: Poisonous Vapours
   804 | D:2      | Noticed Natasha
   816 | D:2      | Noticed a crimson imp
   820 | D:1      | Killed Natasha
   821 | D:1      | Reached XP level 3. HP: 15/31 MP: 0/6
  1492 | D:2      | Noticed Sigmund
  1534 | D:2      | Killed from afar by Sigmund

Illustrated notes

Levels and vault maps discovered:
D:1:      lemuel_arrival_cross, layout_basic, interstate_on_off
D:2:      layout_basic, minmay_heptomino_d4, uniq_sigmund, uniq_natasha

Skill      XL: |  1  2 |
---------------+-------+-----
Transmutations | 1 2 |  2.0
Poison Magic   | 3 |  3.6
Dodging        | |  1.7
Stealth        | |  1.4
Spellcasting   | |  2.4
Air Magic      | |  0.2

Action                   || total
-------------------------++-------
Melee: Mace              ||     5
       Unarmed           ||     1
 Cast: Sting             ||    41
       Poisonous Vapours ||     3
Armor: Robe              ||     6
Dodge: Dodged            ||     7

Table legend: (Time is in decaauts)
 A = Elapsed time spent in this place.
 B = Non-inter-level travel time spent in this place.
 C = Inter-level travel time spent in this place.
 D = Time resting spent in this place.
 E = Time spent auto-exploring this place.
 F = Levels seen in this place.
 G = Mean time per level.
                   A        B        C        D        E       F      G
               +--------+--------+--------+--------+--------+-----+--------+
         Total |   1542 |   1510 |     32 |    153 |   1183 |   2 |  771.0 |
       Dungeon |   1542 |   1510 |     32 |    153 |   1183 |   2 |  771.0 |
               +--------+--------+--------+--------+--------+-----+--------+

Top non-repeatable levels by time:
     D:1: 963 daAuts
     D:2: 578 daAuts
